 Dungeon Crawl Stone Soup version 0.30-a0-743-gbfdf073431 (webtiles) character file.

Game seed: 14753742902114912908

6 cforsyth the Caller (level 1, 0/10 HPs)
             Began as a Tengu Summoner on Feb 8, 2023.
             Slain by a ball python (3 damage)
             ... on level 1 of the Dungeon.
             The game lasted 00:01:18 (438 turns).

cforsyth the Caller (Tengu Summoner)                 Turns: 438, Time: 00:01:19

Health: 0/10       AC:  2    Str:  8    XL:     1   Next: 90%
Magic:  3/4        EV: 12    Int: 15    God:
Gold:   25         SH:  0    Dex: 14    Spells: 3/4 levels left

rFire   . . .      SeeInvis .    (no weapon)
rCold   . . .      Faith    .    (no shield)
rNeg    . . .      Spirit   .    a - +0 robe
rPois   .          Reflect  .    (helmet restricted)
rElec   .          Harm     .    (no cloak)
rCorr   .          Rampage  .    (no gloves)
Will    .....                    (boots unavailable)
Stlth   ++                       (no amulet)
HPRegen 0.21/turn                (no ring)
MPRegen 0.09/turn                (no ring)

@: no status effects
A: beak, talons 3
a: no special abilities


You were on level 1 of the Dungeon.
You visited 1 branch of the dungeon, and saw 2 of its levels.

You collected 25 gold pieces.

Inventory:

Armour
 a - a +0 robe (worn)
Potions
 b - a potion of magic
 c - a potion of attraction {unknown}


   Skills:
 - Level 2.1 Dodging
 - Level 2.0 Stealth
 + Level 2.2 Spellcasting
 + Level 5.0 Summonings


You had 3 spell levels left.
You knew the following spells:

 Your Spells              Type           Power      Damage    Failure   Level
a - Summon Small Mammal   Summ           64%        N/A       2%          1

Your spell library contained the following spells:

 Spells                   Type           Power      Damage    Failure   Level
 Call Imp                 Summ           16%        N/A       4%          2
 Call Canine Familiar     Summ           16%        N/A       9%          3
 Summon Guardian Golem    Hex/Summ       9%         N/A       22%         3
 Summon Lightning Spire   Summ/Air       9%         N/A       58%         4


Dungeon Overview and Level Annotations

Branches:
Dungeon (2/15)

Altars:

Annotations:
D:2 Sigmund


Innate Abilities, Weirdness & Mutations

You have a beak for a mouth.
You have claws for feet.


Message History

The goblin dies!
The goblin hits your quokka with a +0 dagger.
The ball python barely misses your quokka.
The ball python closely misses your quokka.
There is a broken door here.
You see here a rat corpse.
Something bites your quokka. Something misses your quokka.
Your quokka bites the gnoll.
Your quokka bites the gnoll.
The gnoll closely misses your quokka.
Your quokka disappears in a puff of smoke!
There is an open door here.
You close the door.
There is a stone staircase leading down here.
A gnoll opens the door.
There is a stone staircase leading down here.
There is a stone staircase leading down here.
You climb downwards.
There is a stone staircase leading up here.
You start waiting.
Done waiting.
Sigmund the Dreaded comes into view.
He is wielding a +0 scythe.
You start waiting.
Done waiting.
There is a stone staircase leading up here.
You climb upwards.
There is a stone staircase leading down here.
A goblin opens the door.
The goblin hits you with a +0 club.
There is an open door here.
The goblin hits you with a +0 club.
You open the door. The goblin hits you with a +0 club.
The ball python bites you.
* * * LOW HITPOINT WARNING * * *
The ball python grabs you. The ball python constricts you.
There is an open door here.
You escape the ball python's grasp.
Casting: Summon Small Mammal (safe; 2% risk of failure)
Confirm with . or Enter, or press ? or * to list all spells.
The ball python bites you.
You die...

#...........##
.......#..###.#..###
.......##'###'##...#
.......#...#...###.#######
.......#...#.>.# #........
.......#...#...####.######
.......#.<.#.>.#......[..#
.......#.r.#...#.##.####..
#.@.#.>.#.##.......
#.S.#...#.##S......
##g###'##.##.>#####
#.g....#.##......#
########+#w.#.#.##..###.#
.r..
..#...........#.#.##.####.#
....
#.#...........#.#.........#
....
#.#...........#.####ยง######
.... #............##.#....#


You could see a gnoll, a goblin, a ball python (ally target) and a friendly rat
(summoned).

Vanquished Creatures
  A rat (D:1)
1 creature vanquished.

Vanquished Creatures (collateral kills)
  An endoplasm (D:1)
  2 goblins (D:1)
  A jackal (D:1)
4 creatures vanquished.

Grand Total: 5 creatures vanquished

Notes
Turn   | Place    | Note
-------+----------+-------------------------------------------
     0 | D:1      | cforsyth the Tengu Summoner began the quest for the Orb.
     0 | D:1      | Reached XP level 1. HP: 10/10 MP: 4/4
   152 | D:1      | Reached skill level 5 in Summonings
   312 | D:2      | Noticed Sigmund
   438 | D:1      | Slain by a ball python

Illustrated notes

Levels and vault maps discovered:
D:1:      minmay_arrival_up_and_down, layout_basic, minmay_vboxes
D:2:      layout_basic, roderic_lattice_a, uniq_terence, uniq_sigmund

Skill      XL: |  1 |
---------------+----+-----
Summonings     | 5 |  5.0
Dodging        | |  2.1
Stealth        | |  2.0
Spellcasting   | |  2.2

Action                     || total
---------------------------++-------
  Melee: Unarmed           ||     1
         Kick              ||     1
         Peck              ||     1
   Cast: Summon Small Mamm ||     7
  Dodge: Dodged            ||     6

Table legend: (Time is in decaauts)
 A = Elapsed time spent in this place.
 B = Non-inter-level travel time spent in this place.
 C = Inter-level travel time spent in this place.
 D = Time resting spent in this place.
 E = Time spent auto-exploring this place.
 F = Levels seen in this place.
 G = Mean time per level.
                   A        B        C        D        E       F      G
               +--------+--------+--------+--------+--------+-----+--------+
         Total |    438 |    438 |      0 |    200 |    121 |   2 |  219.0 |
       Dungeon |    438 |    438 |      0 |    200 |    121 |   2 |  219.0 |
               +--------+--------+--------+--------+--------+-----+--------+

Top non-repeatable levels by time:
     D:2: 231 daAuts
     D:1: 206 daAuts
